 Dungeon Crawl Stone Soup version 0.32-a0-540-g866d13106e (webtiles) character file.

Game seed: 3996423355177144629

44 adelrune the Vexing (level 3, 0/27 HPs)
             Began as a Coglin Hexslinger on Feb 28, 2024.
             Slain by a jackal (3 damage)
             ... on level 2 of the Dungeon.
             The game lasted 00:01:56 (1108 turns).

adelrune the Vexing (Coglin Hexslinger)             Turns: 1108, Time: 00:01:57

Health: 0/27       AC:  2    Str:  8    XL:     3   Next: 62%
Magic:  2/4        EV: 12    Int: 12    God:
Gold:   93         SH:  0    Dex: 18    Spells: 2/4 levels left

rFire   . . .        a - +1 sling {Daisaku}
rCold   . . .        (no shield)
rNeg    . . .        c - +0 robe
rPois   .            (no helmet)
rElec   .            (no cloak)
rCorr   .            (no gloves)
SInv    .            (no boots)
Will    .....        (no amulet)
Stlth   ++           (ring unavailable)
HPRegen 0.24/turn    (ring unavailable)
MPRegen 0.09/turn

%: no passive effects
@: weak-willed, jinxed, revving
A: off-hand wielding, slow wielding, warmup strikes, no rings
a: no special abilities


You were on level 2 of the Dungeon.
You visited 1 branch of the dungeon, and saw 3 of its levels.

You collected 93 gold pieces.

Inventory:

Hand Weapons
 a - a +1 sling (weapon) {Daisaku}
Armour
 c - a +0 robe (worn)
Scrolls
 b - 2 scrolls of poison
 f - a scroll of enchant weapon {unknown}
 g - a scroll of identify {unknown}
Potions
 d - a potion of curing {unknown}
 e - a potion of mutation {unknown}


   Skills:
 + Level 1.6 Fighting
 * Level 2.5 Ranged Weapons
 + Level 2.2 Dodging
 - Level 1.0 Spellcasting
 + Level 3.0 Hexes
 - Level 0.8 Fire Magic


You had 2 spell levels left.
You knew the following spells:

 Your Spells              Type           Power      Damage    Failure   Level
a - Jinxbite              Hex            14%        N/A       13%         2

Your spell library contained the following spells:

 Spells                   Type           Power      Damage    Failure   Level
 Sandblast                Erth           0%         2d4       30%         1
 Sigil of Binding         Hex            7%         N/A       26%         3
 Inner Flame              Hex/Fire       5%         N/A       38%         3
 Passwall                 Erth           0%         N/A       65%         3
 Stone Arrow              Conj/Erth      0%         3d7       65%         3
 Cause Fear               Hex            3%         N/A       65%         4
 Dimensional Bullseye     Hex/Tloc       2%         N/A       85%         4
 Brom's Barrelling Bould  Conj/Erth      0%         2d3       96%         4


Dungeon Overview and Level Annotations

Branches:
Dungeon (3/15)

Altars:

Annotations:
D:2 Natasha, Sigmund


Innate Abilities, Weirdness & Mutations

You can wield a second weapon in your off-hand.
It takes a long time for you to wield or remove held weapons.
Your first few attacks do less damage.
Your grasper-arms cannot wear rings.


Message History

The orc shouts!
The sling bullet hits the jackal but does no damage.
The jackal is severely wounded.
You hear an angry hiss.
The jackal bites you but does no damage.
The orc closely misses you. The orc hits you with a +0 dagger.
The jackal bites you.
You are too injured to fight recklessly!
You are too injured to fight recklessly!
The jackal seems less drained.
The giant cockroach barely misses you. The orc hits you with a +0 dagger.
* * * LOW HITPOINT WARNING * * *
The jackal attacks as it pursues you! The jackal bites you.
* * * LOW HITPOINT WARNING * * *
The giant cockroach barely misses you. The jackal completely misses you.
The giant cockroach barely misses you. The jackal attacks as it pursues you!
The jackal barely misses you.
The giant cockroach attacks as it pursues you!
The giant cockroach bites you.
* * * LOW HITPOINT WARNING * * *
The giant cockroach attacks as it pursues you!
The giant cockroach bites you.
* * * LOW HITPOINT WARNING * * *
An adder comes into view.
The jackal misses you. The orc attacks as it pursues you!
The orc closely misses you. The giant cockroach closely misses you.
The jackal closely misses you.
There is a stone staircase leading up here.
The giant cockroach bites you but does no damage.
The jackal bites you but does no damage.
The orc hits you but does no damage.
You climb upwards.
Level annotation: Natasha, Sigmund
There is a stone staircase leading down here.
You shoot a sling bullet.
The sling bullet closely misses the jackal.
The jackal bites you.
* * * LOW HITPOINT WARNING * * *
The orc hits you but does no damage. The jackal bites you.
You die...

#.# ...#+##+#
...... ......
.....
#..#+###
#.B....
#o#.#########
#@h.........#
###.####..#.#
#.#<.#..#
#.#..#..#
#.#..#..#
#.#.##..#
#.#.....#
#.#####.#
....


You could see an orc, a jackal and a giant cockroach.

Vanquished Creatures
  3 ball pythons (D:1)
  4 endoplasms (D:1)
  4 goblins
  4 hobgoblins (D:1)
  7 jackals
  3 bats (D:1)
  6 kobolds
  7 rats
38 creatures vanquished.

Notes
Turn   | Place    | Note
-------+----------+-------------------------------------------
     0 | D:1      | adelrune the Coglin Hexslinger began the quest for the Orb.
     0 | D:1      | Reached XP level 1. HP: 15/15 MP: 2/2
    91 | D:1      | Reached XP level 2. HP: 7/21 MP: 3/3
    94 | D:1      | Learned a level 2 spell: Jinxbite
   542 | D:1      | Reached XP level 3. HP: 24/26 MP: 4/4
   692 | D:1      | Reached skill level 3 in Hexes
   957 | D:2      | Noticed Natasha
  1054 | D:2      | Noticed Sigmund
  1108 | D:2      | Slain by a jackal

Illustrated notes

Levels and vault maps discovered:
D:1:      zelgadis_glass_arrival_small, layout_basic
D:2:      layout_basic, serial_shops, nicolae_shop_real_fake_doors, shop, shop,
          shop, basic_altar, hellmonk_ecumenical_altar_prayer_group,
          serial_bayou_pond_c, uniq_natasha, uniq_sigmund,
          uniq_crazy_yiuf_cottage
D:3:      layout_basic, kennysheep_slug_shrine, serial_glass, glass_columns_b,
          glass_columns_a, glass_columns_a, glass_columns_a

Skill      XL: |  1  2  3 |
---------------+----------+-----
Ranged Weapons | 2 |  2.5
Dodging        | 2 |  2.2
Hexes          | 3 |  3.0
Fighting       | |  1.6
Spellcasting   | |  1.0
Fire Magic     | |  0.8

Action                     || total
---------------------------++-------
   Fire: Sling             ||   130
   Cast: Jinxbite          ||     2
 Armour: Robe              ||    76
  Dodge: Dodged            ||    56

Table legend: (Time is in decaauts)
 A = Elapsed time spent in this place.
 B = Non-inter-level travel time spent in this place.
 C = Inter-level travel time spent in this place.
 D = Time resting spent in this place.
 E = Time spent auto-exploring this place.
 F = Levels seen in this place.
 G = Mean time per level.
                   A        B        C        D        E       F      G
               +--------+--------+--------+--------+--------+-----+--------+
         Total |   1145 |   1064 |     81 |    171 |    631 |   3 |  381.7 |
       Dungeon |   1145 |   1064 |     81 |    171 |    631 |   3 |  381.7 |
               +--------+--------+--------+--------+--------+-----+--------+

Top non-repeatable levels by time:
     D:1: 1053 daAuts
     D:2: 50 daAuts
     D:3: 42 daAuts
